 Dungeon Crawl Stone Soup version 0.28-a0-577-gb193047a1f (webtiles) character file.

Game seed: 15504165141906729842

7503 iamoutofideas the Warrior (level 11, -7/112 HPs)
             Began as a Hill Orc Gladiator on Oct 1, 2021.
             Shot with an arrow by a centaur (9 damage)
             ... on level 8 of the Dungeon.
             The game lasted 00:17:57 (12175 turns).

iamoutofideas the Warrior (Hill Orc Gladiator)     Turns: 12175, Time: 00:17:58

Health: -7/112     AC:  9    Str: 21    XL:     11   Next: 16%
Magic:  11/11      EV: 15    Int:  8    God:
Gold:   136        SH:  0    Dex: 12    Spells: 10/10 levels left

rFire   . . .      SeeInvis +   a - +0 war axe
rCold   . . .      Faith    .   (no shield)
rNeg    . . .      Spirit   .   h - +4 ring mail {Will+}
rPois   +          Reflect  .   p - +2 hat {SInv}
rElec   .          Harm     .   n - +0 cloak
rCorr   .          Rampage  .   (no gloves)
Will    +....                   v - +0 pair of boots
Stlth   +.........              (no amulet)
HPRegen 0.28/turn               x - +4 ring of evasion
MPRegen 0.12/turn               y - ring of poison resistance

@: corroded
A: no striking features
a: no special abilities


You were on level 8 of the Dungeon.
You visited 2 branches of the dungeon, and saw 9 of its levels.
You also visited: Sewer.

You collected 316 gold pieces.
You spent 180 gold pieces at shops.

Inventory:

Hand Weapons
 a - a +0 war axe (weapon)
 D - a +0 broad axe
 E - a +0 whip of electrocution
Missiles
 d - 6 throwing nets (quivered)
 F - a curare-tipped dart
Armour
 b - a +0 leather armour
 c - a +0 helmet
 h - a +4 ring mail of willpower (worn)
 n - a +0 cloak (worn)
 p - a +2 hat of see invisible (worn)
 v - a +0 pair of boots (worn)
 I - +0 acid dragon scales
Jewellery
 x - a +4 ring of evasion (left hand)
 y - a ring of poison resistance (right hand)
Wands
 e - a wand of mindburst (13)
 f - a wand of digging (4)
 t - a wand of iceblast (6)
 A - a wand of paralysis (11)
Scrolls
 g - a scroll of magic mapping
 l - a scroll of immolation
 o - a scroll of acquirement {unknown}
 q - 2 scrolls of fear
 s - a scroll of enchant armour
 u - 2 scrolls of teleportation
 w - a scroll of silence
 B - a scroll of torment
 H - a scroll of fog {unknown}
Potions
 j - a potion of mutation
 k - a potion of resistance
 m - 2 potions of brilliance
 r - a potion of magic
 z - a potion of lignification
 G - a potion of attraction


   Skills:
 + Level 15.3 Fighting
 + Level 14.2 Axes
 + Level 1.7 Throwing
 - Level 2.0 Armour
 + Level 2.5 Dodging


You had 10 spell levels left.
You didn't know any spells.
Your spell library contained the following spells:

 Spells                   Type           Power      Damage    Failure   Level
 Animate Skeleton         Necr           0%         N/A       56%         1
 Pain                     Necr           0%         1d4       56%         1
 Blink                    Tloc           N/A        N/A       71%         2
 Dazzling Flash           Conj/Hex       0%         N/A       91%         3
 Inner Flame              Hex/Fire       0%         N/A       91%         3
 Vampiric Draining        Necr           0%         2d6       91%         3
 Cause Fear               Hex            0%         N/A       100%        4
 Agony                    Necr           0%         N/A       100%        5
 Manifold Assault         Tloc           0%         N/A       100%        5
 Silence                  Hex/Air        0%         N/A       100%        5
 Storm Form               Tmut/Air       0%         N/A       100%        7
 Discord                  Hex            0%         N/A       100%        8


Dungeon Overview and Level Annotations

Branches:
Dungeon (8/15)             Temple (1/1) D:5           Sewer (visited)
   Lair: D:8-11

Altars:
Ashenzari
Cheibriados
Dithmenos
Fedhas
Hepliaklqana
Kikubaaqudgha
Makhleb
Nemelex Xobeh
Okawaru
Qazlal
Ru
Sif Muna
Trog
Uskayaw
Wu Jian
Xom
Yredelemnul
Zin
The Shining One

Shops:
D:8 [?=(

Annotations:
D:4 exclusion: downstairs
D:8 Erica


Message History

You feel sick.
You are no longer poisoned.
Erica hits you with a +4 scimitar of flaming!
Erica burns you.
You feel much better. Erica hits you but does no damage.
You slash Erica!
Erica is severely wounded.
You barely miss Erica.
Erica is severely wounded.
Erica points at you and mumbles some strange words.
You resist with almost no effort.
You hit Erica.
Erica is severely wounded.
Erica points at you and mumbles some strange words.
The lance of force hits you!!
You are knocked back by the lance of force.
The centaur shoots an arrow.
The arrow barely misses you.
The centaur shoots an arrow.
The arrow hits you but does no damage.
The centaur shoots an arrow.
The arrow hits you!
* * * LOW HITPOINT WARNING * * *
The centaur shoots an arrow.
The arrow hits you.
* * * LOW HITPOINT WARNING * * *
The centaur wields a +0 shortbow.
The centaur shoots an arrow.
The arrow hits you.
* * * LOW HITPOINT WARNING * * *
The centaur shoots an arrow.
The arrow hits you but does no damage.
The centaur shoots an arrow.
The arrow barely misses you.
The centaur shoots an arrow.
The arrow closely misses you.
Erica zaps a wand.
The bolt of acid hits you!!
* * * LOW HITPOINT WARNING * * *
The acid corrodes you!
Unknown command.
Okay, then.
Blink to where?
Press: ? - help, Dir - move target
As you read the scroll of blinking, it crumbles to dust.
The centaur shoots an arrow.
The arrow hits you.
* * * LOW HITPOINT WARNING * * *
The centaur shoots an arrow.
The arrow hits you!
You die...

### #.. # #[#
##.# #.# ...
#.##.##.#
#.@<....#
#.......#
#)##..≈≈≈≈
#@# .≈≈≈≈≈
#.##≈≈≈≈.#
#§#≈≈≈≈c##
####
#..≈≈≈cc#
...#
#..≈≈≈cc. ≈≈≈
##.#######
###.≈≈≈≈c...#
≈≈≈


You could see Erica and 5 centaurs.

Vanquished Creatures
  Harold (D:7)
  A two-headed ogre (D:8)
  Pikel (D:6)
  A manticore (D:8)
  Sigmund (D:5)
  10 yaks
  Eustachio (D:5)
  A steam dragon (D:6)
  Menkaure (D:7)
  3 water moccasins
  An acid dragon (D:8)
  Duvessa (D:6)
  2 ice beasts
  Purgy (Sewer)
  A black bear (D:5)
  2 necrophages
  3 ogres
  3 centaurs
  3 kobold brigands
  2 bullfrogs
  Dowan (D:6)
  A water moccasin zombie (D:7)
  4 scorpions
  7 howler monkeys
  A centaur zombie (D:4)
  5 hounds
  4 jellies
  A bullfrog skeleton (D:7)
  An orc priest (D:6)
  Crazy Yiuf (D:5)
  A centaur skeleton (D:6)
  2 iguanas
  2 orc wizards (D:3)
  2 killer bee zombies
  A hound skeleton (D:4)
  A howler monkey zombie (D:7)
  4 gnolls (D:7)
  16 adders
  A river rat (D:4)
  A shadow imp (D:6)
  2 white imps
  4 ufetubi
  An adder skeleton (D:5)
  6 worms
  12 dart slugs
  24 orcs
  3 endoplasms
  6 giant cockroaches
  6 hobgoblins
  3 quokkas
  13 ball pythons
  5 bats
  8 frilled lizards
  2 goblins (D:1)
  27 kobolds
  7 rats
226 creatures vanquished.

Notes
Turn   | Place    | Note
-------+----------+-------------------------------------------
     0 | D:1      | iamoutofideas the Hill Orc Gladiator began the quest for
                  | the Orb.
     0 | D:1      | Reached XP level 1. HP: 18/18 MP: 1/1
   179 | D:1      | Reached XP level 2. HP: 22/25 MP: 2/2
   236 | D:1      | Reached skill level 1 in Armour
   299 | D:1      | Found a faded altar of an unknown god.
   337 | D:1      | Reached XP level 3. HP: 30/30 MP: 3/3
   509 | D:2      | Reached skill level 5 in Axes
   969 | D:2      | Reached XP level 4. HP: 21/37 MP: 4/4
  1926 | D:3      | Reached XP level 5. HP: 25/42 MP: 5/5
  2492 | D:3      | Reached XP level 6. HP: 32/50 MP: 6/6
  3401 | D:4      | Found a sparkling altar of Nemelex Xobeh.
  3491 | D:4      | Found a glowing golden altar of the Shining One.
  3587 | D:4      | Found a glowing drain.
  3595 | D:4      | HP: 2/50 [river rat (6)]
  3604 | Sewer    | Entered a sewer
  3833 | Sewer    | Noticed Purgy
  3849 | Sewer    | Killed Purgy
  3850 | Sewer    | Reached skill level 3 in Fighting
  3850 | Sewer    | Reached XP level 7. HP: 57/57 MP: 7/7
  4248 | D:4      | Reached skill level 10 in Axes
  4368 | D:5      | Entered Level 5 of the Dungeon
  4394 | D:5      | Found a staircase to the Ecumenical Temple.
  4414 | Temple   | Entered the Ecumenical Temple
  4657 | D:5      | Reached skill level 4 in Fighting
  4784 | D:5      | Found an ancient bone altar of Kikubaaqudgha.
  4854 | D:5      | Noticed Eustachio
  4870 | D:5      | Killed Eustachio
  4871 | D:5      | Reached XP level 8. HP: 54/67 MP: 8/8
  5201 | D:5      | Reached skill level 5 in Fighting
  5709 | D:5      | Noticed Sigmund
  6058 | D:5      | Killed Sigmund
  6196 | D:5      | Found a runed translucent door.
  6197 | D:5      | Noticed Crazy Yiuf
  6280 | D:5      | Reached skill level 6 in Fighting
  6424 | D:5      | Killed Crazy Yiuf
  6799 | D:6      | Reached XP level 9. HP: 50/78 MP: 9/9
  7406 | D:6      | Reached skill level 7 in Fighting
  7888 | D:6      | Noticed Duvessa
  7976 | D:5      | Reached skill level 8 in Fighting
  8179 | D:5      | Reached skill level 9 in Fighting
  8612 | D:6      | Killed Duvessa
  8623 | D:6      | Noticed Dowan
  8742 | D:6      | Killed Dowan
  8743 | D:6      | Reached skill level 10 in Fighting
  9181 | D:6      | Noticed Pikel
  9191 | D:6      | Killed Pikel
  9192 | D:6      | Reached skill level 11 in Fighting
  9192 | D:6      | Reached XP level 10. HP: 86/96 MP: 10/10
  9750 | D:7      | Reached skill level 12 in Fighting
  9979 | D:7      | Noticed Menkaure
  9985 | D:7      | Killed Menkaure
 10269 | D:7      | Noticed Harold
 10298 | D:7      | Killed Harold
 10299 | D:7      | Reached skill level 13 in Fighting
 10894 | D:8      | Noticed a manticore
 11017 | D:7      | Reached skill level 14 in Fighting
 11141 | D:8      | Killed a manticore
 11319 | D:8      | Found Bucsok's Armour Shoppe.
 11343 | D:8      | Noticed a two-headed ogre
 11353 | D:8      | Killed a two-headed ogre
 11354 | D:8      | Reached skill level 15 in Fighting
 11354 | D:8      | Reached XP level 11. HP: 87/112 MP: 11/11
 11678 | D:8      | Found Qinackes's Magic Scroll Shop.
 11685 | D:8      | Bought a scroll of identify for 30 gold pieces
 11685 | D:8      | Bought a scroll of identify for 30 gold pieces
 11685 | D:8      | Bought a scroll of identify for 30 gold pieces
 11685 | D:8      | Bought a scroll of identify for 30 gold pieces
 11707 | D:8      | Found Ceoz's Jewellery Shop.
 11709 | D:8      | Found Ohetu's Weapon Shop.
 11726 | D:8      | Bought a +0 broad axe for 60 gold pieces
 12149 | D:8      | Noticed Erica
 12174 | D:8      | HP: 5/112 [Erica/bolt of acid (19)]
 12175 | D:8      | HP: 2/112 [centaur/arrow (4)]
 12175 | D:8      | Shot with an arrow by a centaur

Illustrated notes

Levels and vault maps discovered:
D:1:      sevenhm_arrival_forest_fort_small_4, layout_rooms,
          ebering_ecumenical_altar_webs
D:2:      layout_loops_cross
D:3:      layout_loops_ring
D:4:      kennysheep_slugbush, layout_basic, amcnicky_altar_gilded,
          mainiacjoe_overflow_cross_hatched, portal_sewer_entry_e,
          serial_bayou_pond_a, minmay_misc_feat_alley, minmay_close_crescents
D:5:      wad_river_or_something, layout_cave_pools, lemuel_doored_altar,
          minmay_temple_entry_waves, kennysheep_crisscross, minmay_checkerbox,
          uniq_sigmund, uniq_crazy_yiuf_cottage, uniq_eustachio
D:6:      layout_loops_ring, uniq_duvessa, uniq_pikel
D:7:      layout_loops_corners, uniq_menkaure, uniq_harold
D:8:      layout_loops_cross, serial_shops, shop, shop, nicolae_shop_crystal,
          shop_statue, centaur_isle, uniq_erica
Temple:   eino_temple_rhombus

Skill      XL: |  1  2  3  4  5  6  7  8  9 10 11 |
---------------+----------------------------------+-----
Armour         | 1 2 |  2.0
Axes           | 5 6 8 9 11 13 14 | 14.2
Fighting       | 3 4 6 11 15 | 15.3
Throwing       | |  1.7
Dodging        | |  2.5

Action                   |  1- 3 |  4- 6 |  7- 9 | 10-12 || total
-------------------------+-------+-------+-------+-------++-------
Melee: War axe           |    86 |   230 |   285 |   239 ||   840
Evoke: Wand              |       |       |     2 |       ||     2
  Use: Scroll            |       |     4 |     4 |     7 ||    15
       Potion            |       |     2 |     8 |     3 ||    13
Armor: Leather armour    |    25 |    69 |    89 |     3 ||   186
       Skin              |       |    31 |       |     2 ||    33
       Ring mail         |       |       |       |    67 ||    67
Dodge: Dodged            |    60 |   158 |   164 |   197 ||   579

Table legend: (Time is in decaauts)
 A = Elapsed time spent in this place.
 B = Non-inter-level travel time spent in this place.
 C = Inter-level travel time spent in this place.
 D = Time resting spent in this place.
 E = Time spent auto-exploring this place.
 F = Levels seen in this place.
 G = Mean time per level.
                   A        B        C        D        E       F      G
               +--------+--------+--------+--------+--------+-----+--------+
         Total |  12210 |  11689 |    521 |   3624 |   5871 |  10 | 1221.0 |
       Dungeon |  11594 |  11091 |    503 |   3455 |   5582 |   8 | 1449.2 |
        Temple |    169 |    151 |     18 |      0 |    139 |   1 |  169.0 |
         Sewer |    446 |    446 |      0 |    169 |    149 |   1 |  446.0 |
               +--------+--------+--------+--------+--------+-----+--------+

Top non-repeatable levels by time:
     D:5: 3114 daAuts
     D:7: 1555 daAuts
     D:4: 1496 daAuts
     D:3: 1495 daAuts
     D:6: 1298 daAuts
     D:2: 1075 daAuts
     D:8: 1036 daAuts
     D:1: 522 daAuts
   Sewer: 446 daAuts
  Temple: 169 daAuts
